Map: [ESL] Hard Lead

Players

ByuN

  • Race: Terran Terran
  • Spawn Location: 11:00

Serral - Winner!

  • Race: Zerg Zerg
  • Spawn Location: 5:00

Event: IEM Katowice 2024

VOD

Have the link to the VOD?

Description

Time

  • Played on: Feb. 10, 2024, 7:53 a.m.
  • Length: 14:48

All games in this series

Show
View Real Time Build Order
Export as new Build Order

ByuN Terran 

Build Orders: Command Center First 

Get SALT Encoding   

  12  0:00  SCV  
  13  0:12  SCV  
  14  0:17  Supply Depot  
  14  0:24  SCV  
  15  0:38  SCV  
  16  0:51  SCV  
  17  0:57  Command Center  
  17  1:03  SCV  
  18  1:11  Barracks  
  18  1:15  SCV  
  19  1:20  Refinery  
  19  1:27  SCV  
  20  1:33  Barracks  
  20  1:39  SCV  
  21  1:49  Barracks  
  21  1:51  SCV  
  22  2:02  Barracks Reactor  
  22  2:06  Orbital Command  
  22  2:15  Orbital Command  
  22  2:20  Barracks Tech Lab  
  22  2:27  Barracks  
  22  2:31  SCV  
  24  2:39  Marine x3  
  24  2:41  Barracks Tech Lab  
  27  2:48  SCV x2  
  28  2:57  Marine  
  29  2:59  Marine  
  29  3:00  Supply Depot, SCV x2, Marine  
  29  3:01  Marine  
  34  3:06  Stimpack  
  34  3:14  SCV x2  
  34  3:15  Marine x2  
  38  3:22  Marine x3  
  38  3:24  Supply Depot  
  38  3:26  SCV x2  
  43  3:32  Marine  
  43  3:33  Marine  
  45  3:34  Supply Depot  
  45  3:39  Marine  
  46  3:45  Marine x2  
  46  3:46  SCV x2  
  50  3:49  Supply Depot  
  50  3:51  Combat Shield  
  50  3:54  Marine  
  50  3:55  Marine  
  52  3:57  Marine  
  52  3:58  SCV  
  52  3:59  SCV  
  55  4:03  Marine x2  
  57  4:11  SCV x2  
  57  4:12  Marine x2  
  57  4:13  Supply Depot  
  57  4:15  Marine  
  62  4:21  Marine  
  66  4:36  SCV  
  66  4:37  Command Center, SCV  
  65  4:41  Engineering Bay x2, Refinery  
  65  4:42  Refinery  
  65  4:44  Factory  
  65  4:48  SCV  
  65  4:49  SCV, Refinery  
  67  4:55  Barracks Reactor  
  66  5:00  SCV  
  66  5:01  SCV  
  68  5:11  Marine x4  
  68  5:12  Terran Infantry Weapons Level 1, SCV  
  68  5:13  SCV  
  69  5:19  Terran Infantry Armor Level 1  
  69  5:24  SCV  
  69  5:25  SCV  
  69  5:26  Barracks  
  71  5:30  Marine x3  
  71  5:31  Marine, Starport  
  71  5:33  Factory Reactor  
  75  5:36  Supply Depot, SCV  
  75  5:37  SCV  
  75  5:40  Marine  
  78  5:46  Supply Depot  
  78  5:48  SCV, Marine x3  
  78  5:49  SCV  
  83  5:57  Marine  
  83  5:58  Marine  
  83  6:01  SCV x2  
  83  6:03  Armory  
  88  6:06  Marine x3  
  90  6:13  SCV  
  90  6:14  SCV  
  92  6:18  Barracks Reactor  
  92  6:20  Supply Depot  
  92  6:22  Supply Depot  
  92  6:24  Barracks Reactor, Medivac x2  
  92  6:25  Siege Tank, SCV  
  101  6:26  SCV  
  102  6:33  Orbital Command  
  102  6:37  SCV  
  102  6:38  SCV, Marine x5  
  108  6:49  SCV  
  108  6:50  SCV, Supply Depot  
  110  6:55  Terran Vehicle Weapons Level 1  
  110  6:57  Siege Tank  
  113  7:01  SCV  
  113  7:02  Marine, SCV x2  
  113  7:03  Marine x6  
  113  7:04  Marine  
  113  7:05  Marine  
  125  7:11  Terran Infantry Weapons Level 2, Supply Depot  
  125  7:13  SCV  
  125  7:14  SCV  
  127  7:16  Terran Infantry Armor Level 2  
  127  7:21  Marine  
  127  7:22  Marine x6  
  132  7:26  Marine  
  132  7:29  Marine  
  134  7:30  Siege Tank  
  134  7:36  Medivac  
  139  7:39  Refinery  
  139  7:40  SCV, Supply Depot, Refinery  
  139  7:41  SCV x2  
  139  7:42  Supply Depot  
  142  7:49  Marine x6  
  142  7:50  Marine  
  149  7:55  Medivac, Marine  
  152  8:02  Missile Turret  
  152  8:07  Siege Tank, Medivac  
  152  8:09  Command Center  
  158  8:12  SCV x2  
  158  8:21  Supply Depot  
  158  8:24  Marine x7  
  158  8:25  Supply Depot  
  158  8:26  Supply Depot  
  165  8:31  Supply Depot  
  165  8:42  Marine x4  
  165  8:43  Siege Tank, Medivac  
  165  8:46  Marine x5  
  178  8:52  Barracks  
  178  8:54  Barracks x2  
  178  8:56  SCV x3  
  178  9:00  Marine x2  
  183  9:04  Factory  
  183  9:07  Marine  
  183  9:08  Marine x6  
  190  9:15  Siege Tank  
  185  9:18  Marine x2  
  185  9:22  SCV  
  185  9:23  SCV x2  
  190  9:25  Marine x3  
  190  9:27  Marine  
  190  9:28  Marine x2  
  190  9:31  Marine  
  197  9:36  Marine x2  
  184  9:39  Terran Infantry Weapons Level 3, Terran Infantry Armor Level 3  
  184  9:40  Barracks Tech Lab x2, Medivac  
  185  9:47  Siege Tank  
  185  9:48  SCV x2  
  185  9:49  Orbital Command  
  185  9:52  Factory Tech Lab, Marine x3  
  185  9:53  Marine x2  
  185  9:54  Marine  
  185  9:56  Marine  
  164  10:09  SCV  
  164  10:10  Marine, SCV  
  164  10:11  Marine x2  
  164  10:12  Medivac  
  164  10:13  Medivac  
  164  10:14  Barracks Tech Lab, Marauder, Concussive Shells  
  153  10:19  Siege Tank  
  122  10:22  SCV x2  
  122  10:23  SCV  
  119  10:34  SCV, Marauder x2  
  119  10:35  Marauder, SCV  
  124  10:36  SCV  
  123  10:46  SCV  
  123  10:47  SCV  
  123  10:48  Marine x6, SCV  
  132  10:50  Marine  
  132  10:56  Siege Tank  
  135  10:59  SCV x2  
  135  11:00  SCV  
  135  11:03  Marauder  
  135  11:04  Marauder  
  142  11:11  SCV x2  
  143  11:12  SCV x2  
  143  11:14  Marine x6  
  143  11:17  Marine x2  
  154  11:23  SCV  
  155  11:25  Medivac  
  155  11:26  Marauder, Medivac  
  155  11:27  Marauder  
  155  11:29  Marauder  
  155  11:30  Marauder  
  167  11:36  SCV x3  
  170  11:40  Siege Tank x2  
  176  11:48  Marauder x2  
  176  11:50  Marauder, Marine x7  
  176  11:51  Missile Turret  
  176  11:53  Marine  
  190  11:59  SCV x2  
  182  12:06  Marauder  
  182  12:08  Marine x2  
  180  12:09  Marauder x2  
  180  12:11  Sensor Tower, Marine  
  180  12:12  Siege Tank x2  
  192  12:26  Marine x4, Supply Depot x2  
  192  12:28  Sensor Tower  
  196  12:48  Siege Tank  
  199  12:55  Ghost Academy  
  199  12:57  Command Center, Marauder  
  200  12:58  Command Center  
  200  13:00  Marauder  
  200  13:01  Marauder x2  
  200  13:02  Siege Tank  
  174  13:13  Marine  
  174  13:14  Marine x7  
  174  13:15  Orbital Command  
  174  13:18  Marauder  
  166  13:20  Siege Tank  
  166  13:21  Marauder  
  166  13:22  Marauder  
  166  13:23  Marauder  
  155  13:29  SCV x3  
  155  13:31  Marine  
  155  13:32  Marine  
  155  13:34  Siege Tank  
  160  13:40  Liberator x2, Marauder  
  168  13:42  Marine x6  
  168  13:43  Marauder  
  168  13:44  Marauder  
  178  13:49  Marauder  
  178  13:53  Marine x2  
  178  13:55  SCV x3  
  185  13:59  Marine  
  185  14:00  Marine x2  
  185  14:01  Marauder  
  185  14:02  Marine  
  191  14:04  Marauder  
  191  14:08  Siege Tank  
  195  14:15  SCV  
  163  14:19  Marauder x2  
  163  14:20  SCV x3  
  163  14:21  Marine  
  163  14:22  Marine  
  154  14:33  SCV  
Show
View Real Time Build Order
Export as new Build Order

Serral Zerg - Winner!

Build Orders: Hatch First 

Get SALT Encoding   

  12  0:00  Drone  
  13  0:12  Overlord  
  13  0:16  Drone  
  14  0:30  Drone x2  
  16  0:47  Hatchery  
  16  0:50  Drone  
  16  0:53  Drone  
  18  0:57  Drone  
  18  1:07  Extractor  
  17  1:12  Spawning Pool  
  17  1:15  Drone  
  17  1:19  Drone  
  18  1:27  Drone  
  19  1:38  Drone  
  20  1:49  Drone  
  21  1:59  Queen x2  
  21  2:00  Zergling x4  
  27  2:10  Overlord  
  27  2:11  Drone  
  28  2:26  Hatchery  
  28  2:28  Drone  
  28  2:30  Drone  
  28  2:33  Drone  
  28  2:35  Drone  
  31  2:37  Queen  
  33  2:45  Overlord  
  33  2:46  Drone  
  34  2:52  Drone  
  34  2:54  Drone  
  36  3:03  Queen  
  36  3:04  Overlord  
  38  3:06  Drone x3  
  38  3:09  Drone  
  42  3:13  Queen  
  44  3:22  Roach Warren  
  44  3:23  Drone x2  
  44  3:27  Drone  
  46  3:32  Overlord  
  46  3:37  Drone x4  
  50  3:42  Queen  
  50  3:45  Overlord  
  50  3:48  Drone  
  53  3:51  Drone  
  53  3:52  Drone x2  
  53  3:55  Overlord  
  56  3:59  Overlord  
  55  4:04  Roach x2  
  55  4:08  Roach x2  
  55  4:09  Extractor  
  62  4:11  Overlord  
  62  4:16  Roach x2  
  66  4:22  Roach x2  
  70  4:24  Roach  
  70  4:25  Roach  
  70  4:26  Roach  
  70  4:30  Overlord  
  76  4:35  Extractor  
  76  4:37  Roach  
  77  4:39  Queen  
  77  4:43  Roach  
  81  4:49  Roach x2  
  85  4:55  Drone x8  
  85  4:56  Drone  
  94  5:00  Overlord  
  94  5:01  Drone  
  94  5:04  Drone  
  94  5:05  Drone  
  97  5:07  Drone  
  97  5:13  Lair  
  98  5:15  Extractor  
  98  5:16  Extractor  
  98  5:17  Evolution Chamber  
  98  5:18  Overlord  
  98  5:19  Drone  
  96  5:22  Drone x2  
  96  5:26  Zergling x2  
  96  5:27  Drone x3  
  102  5:30  Drone x2  
  102  5:32  Drone x2  
  106  5:36  Overlord  
  106  5:37  Metabolic Boost  
  106  5:42  Overlord  
  106  5:45  Zerg Ground Armor Level 1  
  106  5:49  Drone  
  107  5:52  Drone x2  
  107  5:56  Roach x4  
  116  6:03  Drone x5, Evolution Chamber  
  120  6:05  Drone  
  120  6:06  Extractor  
  120  6:08  Roach  
  120  6:11  Roach x2  
  126  6:12  Roach  
  126  6:14  Glial Reconstitution  
  126  6:16  Overlord  
  128  6:18  Overlord  
  128  6:24  Roach  
  130  6:26  Overseer  
  130  6:30  Zerg Missile Weapons Level 1  
  129  6:35  Infestation Pit  
  129  6:36  Drone  
  129  6:39  Roach x2  
  133  6:40  Hatchery  
  133  6:44  Ravager x4  
  133  6:46  Overlord  
  136  6:50  Roach x4  
  144  6:56  Overlord  
  144  7:01  Overlord x3  
  144  7:03  Drone  
  144  7:06  Overlord  
  145  7:12  Drone x2  
  145  7:13  Drone x3  
  150  7:22  Roach x2  
  150  7:23  Roach x6  
  163  7:34  Infestor x2  
  163  7:36  Hatchery  
  165  7:38  Hive  
  165  7:40  Baneling Nest  
  165  7:43  Zergling x18  
  173  7:50  Overlord  
  173  7:51  Zerg Ground Armor Level 2, Ravager  
  173  7:53  Overlord  
  173  7:58  Zergling x6  
  177  8:00  Overlord  
  177  8:01  Zergling x4  
  177  8:02  Zergling x2  
  180  8:18  Zergling x4, Roach x3  
  180  8:19  Zergling x8  
  192  8:24  Zerg Melee Weapons Level 1, Centrifugal Hooks  
  192  8:33  Zergling x14  
  199  8:38  Baneling x8, Hatchery  
  198  8:50  Drone  
  200  8:59  Overseer  
  200  9:01  Spore Crawler  
  200  9:02  Viper  
  197  9:08  Burrow  
  186  9:18  Zergling x28  
  201  9:29  Baneling x8  
  201  9:38  Zergling x12  
  199  9:39  Baneling  
  199  9:40  Baneling x7  
  199  9:59  Drone x2  
  198  10:00  Drone  
  198  10:02  Zergling x18  
  198  10:03  Zergling x8  
  198  10:05  Zergling x12  
  189  10:13  Zergling x4  
  154  10:15  Roach  
  154  10:16  Viper  
  154  10:20  Zergling x2  
  146  10:25  Zergling x4  
  146  10:28  Zerg Ground Armor Level 3, Ultralisk Cavern, Zerg Melee Weapons Level 2  
  148  10:30  Zergling x2  
  148  10:31  Zergling x2  
  148  10:32  Roach  
  145  10:35  Zergling x2  
  145  10:36  Zergling x14  
  145  10:38  Zergling x6  
  145  10:40  Hatchery  
  145  10:42  Baneling x9  
  149  10:50  Zergling x16  
  157  10:58  Zergling x6  
  157  11:01  Adrenal Glands  
  158  11:07  Zergling x2  
  158  11:08  Zergling x22  
  158  11:09  Zergling x2  
  171  11:19  Drone x4  
  171  11:21  Chitinous Plating  
  171  11:24  Hatchery  
  174  11:29  Ultralisk x2  
  186  11:36  Baneling x5  
  186  11:37  Baneling  
  186  11:44  Ultralisk  
  186  11:45  Ultralisk  
  185  12:02  Viper  
  185  12:05  Zergling x14, Ultralisk  
  185  12:06  Zergling x12  
  200  12:11  Baneling x2  
  200  12:12  Baneling x7  
  200  12:28  Baneling x4  
  200  12:29  Baneling x3  
  193  12:31  Zergling x14  
  199  12:39  Anabolic Synthesis  
  199  12:49  Zergling x6  
  199  12:53  Extractor  
  191  13:01  Hatchery  
  191  13:03  Zergling x24  
  186  13:12  Ultralisk  
  186  13:13  Zergling x28, Ultralisk  
  186  13:17  Ultralisk  
  175  13:27  Zergling x2, Ultralisk  
  175  13:28  Zergling x10  
  183  13:35  Infestor, Baneling x7  
  184  13:41  Zergling x20  
  193  13:53  Zergling x2  
  193  13:54  Zergling x12  
  193  13:55  Baneling x5  
  196  14:15  Zergling x34  
  196  14:16  Zergling x2  
  195  14:28  Zergling x16  

Tags
 
Add a new tag
Caveats
  • Supply blocks, unpowered buildings, or Contaminate may cause inaccurate times.
  • Supply counts are checked every 10 seconds.